 Dungeon Crawl Stone Soup version 0.21.1-1-g345015f (webtiles) character file.

33551 diana the Carver (level 13, -6/119 HPs)
             Began as a Black Draconian Fighter on July 5, 2018.
             Was the Champion of Okawaru.
             Killed from afar by an orc sorcerer (34 damage)
             ... with an exploding inner flame
             ... hexed by the player character
             ... on level 2 of the Orcish Mines.
             The game lasted 00:46:14 (18897 turns).

diana the Carver (Black Draconian Fighter)         Turns: 18897, Time: 00:46:15

Health: -6/119     AC:  9    Str: 20    XL:     13   Next: 37%
Magic:  0/23       EV: 13    Int: 11    God:    Okawaru [******]
Gold:   1822       SH: 10    Dex: 15    Spells: 20/26 levels left

rFire    . . .     SeeInvis .   C - +2 falchion (vamp)
rCold    . . .     Gourm    .   b - +0 shield
rNeg     . . .     Faith    .   (armour unavailable)
rPois    .         Spirit   +   (helmet restricted)
rElec    +         Reflect  .   (no cloak)
rCorr    .         Harm     .   (no gloves)
MR       .....                  (no boots)
Stlth    +.........             t - amulet of guardian spirit
HPRegen  0.69/turn              L - +1 ring of protection (curse)
MPRegen  0.18/turn              v - +3 ring of dexterity

@: no status effects
A: breathe lightning, unfitting armour, horns 1, regeneration 1, electricity
resistance, wild magic 1, evolution 2, cold-blooded, AC +8
a: Breathe Lightning, Heroism, Finesse, Renounce Religion


You were on level 2 of the Orcish Mines.
You worshipped Okawaru.
Okawaru was exalted by your worship.
You were not hungry.

You visited 4 branches of the dungeon, and saw 19 of its levels.

You collected 1822 gold pieces.

Inventory:

Hand Weapons
 C - a +2 vampiric falchion (weapon)
 J - a +4 arbalest of flaming
Armour
 b - a +0 shield (worn)
Jewellery
 i - an uncursed ring of wizardry
 t - an amulet of guardian spirit (around neck)
 v - a +3 ring of dexterity (right hand)
 L - a cursed +1 ring of protection (left hand)
Wands
 c - a wand of digging (7)
 e - a wand of paralysis (8)
 x - a wand of disintegration (5)
 E - a wand of random effects (26)
 G - a wand of acid (4)
Scrolls
 a - a scroll of fog {unknown}
 j - 6 scrolls of noise
 p - 2 scrolls of magic mapping {unknown}
 q - a scroll of enchant armour {unknown}
 r - a scroll of holy word {unknown}
 u - 3 scrolls of identify
 A - 5 scrolls of remove curse
 B - 2 scrolls of summoning {unknown}
 D - a scroll of amnesia
 I - 3 scrolls of enchant weapon {unknown}
Potions
 f - a potion of mutation
 g - a potion of flight
 h - 4 potions of haste
 l - a potion of might
 m - 2 potions of agility {unknown}
 w - a potion of ambrosia {unknown}
 F - a potion of curing
Comestibles
 d - 32 rations


   Skills:
 + Level 12.4 Fighting
 - Level 14.8 Long Blades
 + Level 4.6 Dodging
 + Level 5.1 Shields
 - Level 7.2 Spellcasting
 + Level 6.4 Conjurations
 - Level 9.4 Air Magic


You had 20 spell levels left.
You knew the following spells:

 Your Spells              Type           Power        Failure   Level  Hunger
a - Mephitic Cloud        Conj/Pois/Air  ###.....     28%         3    ###....
b - Conjure Flame         Conj/Fire      ##......     52%         3    ###....


Dungeon Overview and Level Annotations

Branches:
Dungeon (13/15)            Temple (1/1) D:6            Lair (3/6) D:10
  Swamp (0/4) Lair:3       Spider (0/4) Lair:2          Orc (2/2) D:9
    Elf (0/3) Orc:2
 Vaults: D:13-14

Altars:
Ashenzari
Cheibriados
Dithmenos
Elyvilon
Fedhas
Gozag
Hepliaklqana
Kikubaaqudgha
Makhleb
Nemelex Xobeh
Okawaru
Qazlal
Ru
Sif Muna
Trog
Vehumet
Wu Jian
Xom
Yredelemnul
Zin
The Shining One

Shops:
D:4 (   D:7 (   Orc:1 :

Annotations:
Lair:2 exclusion: 4 oklob plants


Innate Abilities, Weirdness & Mutations

You can breathe wild blasts of lightning.
Your glossy black scales are hard. (AC +8)
You cannot fit into any form of body armour.
You are resistant to electric shocks. (rElec)
You are cold-blooded and may be slowed by cold attacks.
You have a pair of small horns on your head.
Your natural rate of healing is unusually fast.
Your spells are a little harder to cast, but a little more powerful.
You rapidly evolve.


Message History

Aiming: Corrosive Bolt
Press: ? - help, Shift-Dir - straight line, f - orc sorcerer
Aim: an orc sorcerer, wielding a dagger and wearing a robe (severely wounded, unusually strong, inner flame)
The bolt of acid misses the orc sorcerer.
You are engulfed in blazing flames.
The orc sorcerer completely misses you.
You riposte.
You hit the orc sorcerer but do no damage.
You headbutt the orc sorcerer.
Your tail-slap misses the orc sorcerer.
The orc sorcerer is almost dead.
Evoke which item? (* to show all) (? for menu, Esc to quit)
Okay, then.
You feel better.
You are engulfed in blazing flames.
* * * LOW HITPOINT WARNING * * *
The orc sorcerer hits you with a dagger.
* * * LOW HITPOINT WARNING * * *
Unknown command.
You slash the orc sorcerer!
The orc sorcerer explodes!
The fiery explosion engulfs you!
You die...

##)........#
##..##o.oo.# ##..
..)).......# #..## .....
#.. ...........###.##
#o#. ##.
.......#...##..# # ##
...........##.## #
...........##.# %
.##........##.# ..%
..#.......†##.#####§§§§.
..........)...§§@§§§§§..
#.#........##.#####§§§§.
.#.....(...##.# §..
......)(...##.# %
...........##.#
...........##..
........(..###.
........(..# .
...........#


There were no monsters in sight!

Vanquished Creatures
  2 orc high priests (Orc:2)
  5 two-headed ogres
  Urug (D:10)
  Pikel (D:3)
  4 orc knights (Orc:2)
  6 orc sorcerers
  2 cyclopes
  A deep elf mage (D:12)
  2 black mambas (Lair:2)
  The ghost of kalagan the Magician, a novice DEFE of Vehumet (D:6)
  The ghost of ResFu the Covert, a novice SpAs of Wu Jian (D:5)
  Joseph (D:8)
  2 gargoyles (D:10)
  3 komodo dragons
  A kobold demonologist (D:11)
  4 spiny frogs
  A rime drake (Lair:2)
  A hornet (D:11)
  Grinder (D:3)
  6 hippogriffs
  5 blink frogs (Lair:3)
  5 slime creatures
  A shadow (D:13)
  A vampire (D:11)
  15 yaks
  A redback (Lair:2)
  2 wraiths
  A wyvern (D:12)
  3 basilisks
  4 hungry ghosts
  A warg (Orc:1)
  4 vampire mosquitoes (D:12)
  2 hell hounds (D:10)
  6 water moccasins
  2 porcupines
  3 slaves (D:3)
  12 orc warriors
  3 ice beasts
  A phantom (D:10)
  2 black bears
  12 ogres
  4 sky beasts
  5 wolves
  4 centaurs
  A crocodile (Lair:3)
  4 bullfrogs
  A wyvern zombie (D:12)
  4 scorpions
  5 killer bees (D:7)
  12 wights
  6 electric eels
  12 howler monkeys
  3 vampire bats (Lair:1)
  2 bullfrog zombies
  3 crimson imps
  4 centaur zombies
  3 jellies
  3 bullfrog skeletons
  7 hounds
  10 orc priests
  6 iguanas
  3 centaur skeletons
  12 orc wizards
  6 worker ants
  The ghost of p0werm0de the Grave Robber, a weakling OpNe (D:3)
  3 gnolls (D:3)
  9 adders
  2 shadow imps (D:9)
  An adder skeleton (D:8)
  4 worms
  2 dart slugs (D:4)
  A leopard gecko (D:7)
  42 orcs
  3 giant cockroaches
  5 goblins
  11 hobgoblins
  8 jackals
  8 kobolds
  6 quokkas
  10 bats
  7 frilled lizards
  2 leopard gecko skeletons
  A quokka skeleton (D:8)
  7 rats
385 creatures vanquished.

Vanquished Creatures (others)
  A fungus (Lair:2)
  3 plants
4 creatures vanquished.

Grand Total: 389 creatures vanquished

Notes
Turn   | Place    | Note
-------+----------+-------------------------------------------
     0 | D:1      | diana the Draconian Fighter began the quest for the Orb.
     0 | D:1      | Reached XP level 1. HP: 19/19 MP: 1/1
   241 | D:1      | Reached XP level 2. HP: 24/26 MP: 2/2
   872 | D:2      | Found a stormy altar of Qazlal.
  1113 | D:2      | Reached skill level 3 in Long Blades
  1113 | D:2      | Reached XP level 3. HP: 21/33 MP: 3/3
  1321 | D:2      | Found a shadowy altar of Dithmenos.
  1488 | D:2      | Found an ancient bone altar of Kikubaaqudgha.
  1574 | D:2      | Reached XP level 4. HP: 22/41 MP: 4/4
  1905 | D:3      | Noticed p0werm0de's ghost (weakling OpNe)
  1909 | D:3      | Noticed Grinder
  1964 | D:3      | Paralysed by Grinder for 4 turns
  2250 | D:3      | Found a shimmering altar of Xom.
  2337 | D:3      | Reached skill level 5 in Fighting
  2358 | D:3      | Reached skill level 4 in Long Blades
  2358 | D:3      | Reached XP level 5. HP: 44/48 MP: 5/5
  2363 | D:3      | Paralysed by Grinder for 2 turns
  2367 | D:3      | Killed Grinder
  2367 | D:3      | Reached XP level 6. HP: 32/57 MP: 6/6
  2368 | D:3      | Killed p0werm0de's ghost
  2368 | D:3      | Reached skill level 5 in Long Blades
  2909 | D:3      | Found a burning altar of Makhleb.
  3106 | D:4      | Found Vopt's Antique Weapon Shoppe.
  3363 | D:4      | Your scales start taking on a glossy black colour.
  3363 | D:4      | Reached XP level 7. HP: 57/64 MP: 5/7
  3363 | D:4      | Gained mutation: You are resistant to electric shocks. (rElec) [Black Draconian growth]
  3689 | D:3      | Reached skill level 8 in Long Blades
  3689 | D:3      | Reached skill level 5 in Spellcasting
  3689 | D:3      | Reached XP level 8. HP: 78/78 MP: 7/16
  3780 | D:4      | Noticed Pikel
  4071 | D:3      | Killed Pikel
  4188 | D:4      | Reached skill level 10 in Fighting
  4242 | D:4      | Found a snail-covered altar of Cheibriados.
  4435 | D:4      | Reached skill level 9 in Long Blades
  4591 | D:5      | Entered Level 5 of the Dungeon
  4838 | D:5      | Noticed ResFu's ghost (novice SpAs)
  4866 | D:4      | Reached XP level 9. HP: 35/85 MP: 8/17
  5151 | D:5      | Killed ResFu's ghost
  5161 | D:5      | Found an ornate altar of the Wu Jian Council.
  5610 | D:6      | Found a staircase to the Ecumenical Temple.
  5615 | D:6      | Noticed kalagan's ghost (novice DEFE)
  5618 | Temple   | Entered the Ecumenical Temple
  5899 | D:6      | Killed kalagan's ghost
  6295 | D:6      | Found a deep blue altar of Sif Muna.
  6315 | D:6      | Found an iron altar of Okawaru.
  6320 | D:6      | Became a worshipper of Warmaster Okawaru
  6499 | D:7      | Reached skill level 10 in Long Blades
  6928 | D:7      | Reached * piety under Okawaru
  6928 | D:7      | Reached XP level 10. HP: 62/96 MP: 15/18
  6934 | D:7      | Gained mutation: You are occasionally teleported next to monsters. [potion of mutation]
  6934 | D:7      | Gained mutation: You have a pair of small antennae on your head. [potion of mutation]
  6934 | D:7      | Gained mutation: Your body sometimes deteriorates upon taking damage. [potion of mutation]
  6934 | D:7      | Gained mutation: You are agile. (Dex +2) [potion of mutation]
  7316 | D:7      | Learned a level 3 spell: Mephitic Cloud
  7360 | D:7      | Found a deep blue altar of Sif Muna.
  7580 | D:7      | Found Plog's Weapon Shop.
  8091 | D:6      | Found a glowing golden altar of the Shining One.
  8276 | D:8      | Noticed Joseph
  8287 | D:8      | Killed Joseph
  8440 | D:8      | Lost mutation: You are agile. (Dex +2) [potion of mutation]
  8440 | D:8      | Lost mutation: You have a pair of small antennae on your head. [potion of mutation]
  8440 | D:8      | Gained mutation: Scrolls take you a little longer to read. [potion of mutation]
  8440 | D:8      | Gained mutation: Your spells are a little harder to cast, but a little more powerful. [potion of mutation]
  8440 | D:8      | Gained mutation: You are robust. (+10% HP) [potion of mutation]
  8441 | D:8      | Lost mutation: Scrolls take you a little longer to read. [potion of mutation]
  8441 | D:8      | Lost mutation: You are robust. (+10% HP) [potion of mutation]
  8441 | D:8      | Lost mutation: Your spells are a little harder to cast, but a little more powerful. [potion of mutation]
  8441 | D:8      | Gained mutation: You have a pair of small horns on your head. [potion of mutation]
  8442 | D:8      | Lost mutation: Your body sometimes deteriorates upon taking damage. [potion of mutation]
  8442 | D:8      | Lost mutation: You have a pair of small horns on your head. [potion of mutation]
  8442 | D:8      | Lost mutation: You are occasionally teleported next to monsters. [potion of mutation]
  8442 | D:8      | Gained mutation: You evolve. [potion of mutation]
  8442 | D:8      | Gained mutation: Your spells are a little harder to cast, but a little more powerful. [potion of mutation]
  8442 | D:8      | Gained mutation: You rapidly evolve. [potion of mutation]
  8457 | D:8      | Found a shattered altar of Ashenzari.
  8462 | D:8      | Learned a level 3 spell: Conjure Flame
  8579 | D:8      | Noticed a two-headed ogre
  8580 | D:8      | Reached ** piety under Okawaru
  8580 | D:8      | Paralysed by a wight for 5 turns
  8593 | D:8      | Killed a two-headed ogre
  8593 | D:8      | Reached skill level 11 in Long Blades
  8616 | D:8      | HP: 4/96 [cloud of flame (16)]
  8980 | D:8      | Found a bloodstained altar of Trog.
  9382 | D:9      | Found a staircase to the Orcish Mines.
  9450 | D:9      | Found a glowing silver altar of Zin.
 10267 | D:10     | Entered Level 10 of the Dungeon
 10324 | D:10     | Found a staircase to the Lair.
 10551 | D:10     | Reached *** piety under Okawaru
 10551 | D:10     | Reached skill level 12 in Long Blades
 10608 | D:10     | Noticed a gargoyle
 11044 | D:10     | Noticed Urug
 11058 | D:10     | Killed Urug
 11058 | D:10     | Reached XP level 11. HP: 76/103 MP: 10/19
 11951 | D:11     | Noticed a two-headed ogre
 11958 | D:11     | Killed a two-headed ogre
 11958 | D:11     | Reached **** piety under Okawaru
 12326 | D:11     | Gained mutation: Your natural rate of healing is unusually fast. [evolution]
 12550 | D:11     | Reached ***** piety under Okawaru
 12550 | D:11     | Reached skill level 13 in Long Blades
 12722 | D:12     | Noticed a deep elf mage
 13043 | D:12     | Killed a deep elf mage
 13168 | D:12     | Reached XP level 12. HP: 64/110 MP: 11/22
 13487 | D:12     | Reached skill level 1 in Conjurations
 13622 | D:12     | Gained mutation: You have a pair of small horns on your head. [evolution]
 13786 | D:13     | Identified a scroll of acquirement
 13851 | D:13     | Noticed a two-headed ogre
 13867 | D:13     | Killed a two-headed ogre
 14039 | D:13     | Noticed a two-headed ogre
 14055 | D:13     | Killed a two-headed ogre
 14055 | D:13     | Reached ****** piety under Okawaru
 14055 | D:13     | Reached skill level 14 in Long Blades
 14405 | Lair:1   | Entered Level 1 of the Lair of Beasts
 14411 | Lair:1   | Learned a level 3 spell: Conjure Flame
 15465 | Lair:2   | Found a hole to the Spider Nest.
 16735 | Lair:2   | Received a gift from Okawaru
 17143 | Lair:3   | Reached skill level 5 in Conjurations
 17614 | Lair:3   | Found a staircase to the Swamp.
 17715 | Lair:3   | Noticed a four-headed hydra
 17891 | Orc:1    | Entered Level 1 of the Orcish Mines
 17909 | Orc:1    | Found Hobiaru's Book Shoppe.
 17986 | Orc:1    | Noticed a two-headed ogre
 17997 | Orc:1    | Killed a two-headed ogre
 17997 | Orc:1    | Reached XP level 13. HP: 94/117 MP: 14/23
 18110 | Orc:1    | Paralysed by an orc sorcerer for 5 turns
 18440 | Orc:2    | Entered Level 2 of the Orcish Mines
 18493 | Orc:2    | Found a staircase to the Elven Halls.
 18890 | Orc:2    | Received a gift from Okawaru
 18890 | Orc:2    | Reached skill level 5 in Shields
 18897 | Orc:2    | Killed from afar by an orc sorcerer

Skill      XL: |  1  2  3  4  5  6  7  8  9 10 11 12 13 |
---------------+----------------------------------------+-----
Fighting       | 4 5 6 9 10 11 12 | 12.4
Long Blades    | 3 4 5 8 9 10 12 13 14 | 14.8
Spellcasting   | 5 7 |  7.2
Air Magic      | 7 9 |  9.4
Conjurations   | 5 6 |  6.4
Dodging        | 3 4 |  4.6
Shields        | 5 |  5.1

Action                   |  1- 3 |  4- 6 |  7- 9 | 10-12 | 13-15 || total
-------------------------+-------+-------+-------+-------+-------++-------
Melee: Long sword        |    93 |   119 |   294 |       |       ||   506
       Tailslap          |    10 |    19 |    44 |   188 |    32 ||   293
       Great sword       |       |       |    36 |   295 |       ||   331
       Falchion          |       |       |       |   697 |   121 ||   818
       Headbutt          |       |       |       |   118 |    27 ||   145
Throw: Throwing net      |       |       |       |       |     1 ||     1
Invok: Heroism           |       |       |       |     3 |       ||     3
 Abil: Breathe Lightning |       |       |     3 |     4 |     1 ||     8
Evoke: Wand              |       |       |       |     5 |     4 ||     9
  Use: Potion            |     1 |     2 |     6 |    10 |     2 ||    21
       Scroll            |       |     6 |       |    18 |     3 ||    27
 Stab: Sleeping          |       |       |     1 |     2 |     1 ||     4
       Distracted        |       |       |       |     1 |       ||     1
       Invisible         |       |       |       |     1 |       ||     1
  Eat: Chunk             |     2 |     2 |     6 |    27 |     3 ||    40
       Ration            |       |     1 |     2 |     7 |       ||    10
Armor: Skin              |    15 |    30 |    97 |   216 |    26 ||   384
Dodge: Dodged            |    23 |    47 |   117 |   438 |    27 ||   652
Block: Shield            |    47 |    42 |   101 |   287 |    33 ||   510
       Rpst.: Long sword |     8 |    20 |    31 |       |       ||    59
       Great sword       |       |       |     6 |    59 |       ||    65
       Falchion          |       |       |       |    65 |     7 ||    72
